 Dungeon Crawl Stone Soup version 0.30-a0-718-geaa24f58ff (webtiles) character file.

Game seed: 6519950846918966580

125 Shayle the Sneak (level 5, -1/32 HPs)
             Began as a Tengu Brigand on Jan 25, 2023.
             Slain by Grinder (2 damage)
             ... on level 2 of the Dungeon.
             The game lasted 00:08:48 (1508 turns).

Shayle the Sneak (Tengu Brigand)                    Turns: 1508, Time: 00:08:49

Health: -1/32      AC:  4    Str:  8 (11) XL:     5   Next: 9%
Magic:  6/6        EV: 15    Int: 11 (14) God:
Gold:   123        SH:  0    Dex: 14 (15) Spells: 4/4 levels left

rFire   . . .      SeeInvis .    a - +2 dagger
rCold   . . .      Faith    .    (no shield)
rNeg    . . .      Spirit   .    b - +0 robe
rPois   .          Reflect  .    (helmet restricted)
rElec   .          Harm     .    c - +0 cloak
rCorr   .          Rampage  .    i - +0 pair of gloves
Will    .....                    (boots unavailable)
Stlth   +++                      (no amulet)
HPRegen 0.25/turn                (no ring)
MPRegen 0.10/turn                (no ring)

@: flying quickly and evasively, quick
A: beak, talons 3, nimble flight
a: no special abilities


You were on level 2 of the Dungeon.
You visited 1 branch of the dungeon, and saw 3 of its levels.

You collected 123 gold pieces.

Inventory:

Hand Weapons
 a - a +2 dagger (weapon)
 o - a +1 dagger of freezing
Missiles
 d - 9 poisoned darts
 e - 2 curare-tipped darts (quivered)
Armour
 b - a +0 robe (worn)
 c - a +0 cloak (worn)
 i - a +0 pair of gloves (worn)
Scrolls
 f - 2 scrolls of identify {unknown}
 g - 2 scrolls of fog
 h - a scroll of immolation {unknown}
 j - a scroll of blinking {unknown}
 k - a scroll of magic mapping
 n - a scroll of enchant armour {unknown}
 p - a scroll of teleportation {unknown}
Potions
 m - a potion of curing {unknown}


   Skills:
 + Level 2.8 Fighting
 + Level 3.1 Short Blades
 + Level 2.8 Throwing
 + Level 2.3 Dodging
 + Level 4.6 Stealth


You had 4 spell levels left.
You didn't know any spells.
Your spell library was empty.

Dungeon Overview and Level Annotations

Branches:
Dungeon (3/15)

Altars:

Annotations:
D:2 Grinder


Innate Abilities, Weirdness & Mutations

You have a beak for a mouth.
You have claws for feet.
Your magical nature lets you fly swiftly and evasively.


Message History

Grinder barely misses you. The jackal attacks as you move away!
The jackal closely misses you. Grinder barely misses you. The jackal bites you.
There is a stone staircase leading up here.
HP restored.
Grinder hits you! The jackal misses you.
You fly upwards.
There is a stone staircase leading down here.
You hit Grinder but do no damage. The jackal barely misses you.
Grinder hits you.
You don't know any spells.
Sorry, you're not good enough to have a special ability.
As you read the scroll labelled SOGIFI DOCLYJ, it crumbles to dust.
The scroll dissolves into smoke.
It was a scroll of fog.
The jackal barely misses you. Grinder closely misses you.
You hit Grinder. You claw Grinder, but do no damage.
Grinder is lightly wounded.
The jackal misses you. Grinder hits you.
You writhe in agony.
The jackal closely misses you.
As you read the scroll labelled ODYHUCZEBY, it crumbles to dust.
You feel momentarily disoriented.
It was a scroll of magic mapping.
The jackal closely misses you. Grinder gestures at you.
You suddenly lose the ability to move!
The jackal bites you but does no damage.
Grinder gestures at you. Pain shoots through your body! The jackal bites you.
Grinder hits you.
* * * LOW HITPOINT WARNING * * *
You writhe in agony.
* * * LOW HITPOINT WARNING * * *
The jackal completely misses you.
You can move again.
It was a potion of degeneration.
There was something very wrong with that liquid.
You feel weakened.
You feel dopey.
You feel clumsy.
The jackal bites you but does no damage.
Grinder hits you.
* * * LOW HITPOINT WARNING * * *
You writhe in agony.
You die...

#...#.# #.###.# #.#
#.# #.###.#########
#.#......#..))#
#.#.##.#.##.#<#
#.#..)§#§##.###
#.....§§5##...####
#.....§h@§§[.....#
#.....§§§§§...##.##
##....§§§#######..#
#### #.......#
##'####...
#.......##
#.........
#........##
#.......##
########..#
#.......##
#...#########.)...
#......## #....#


You could see Grinder and a jackal.

Vanquished Creatures
  Terence (D:2)
  Robin (D:2)
  2 adders (D:2)
  A dart slug (D:2)
  A worm (D:1)
  2 endoplasms
  A giant cockroach (D:1)
  17 goblins
  7 hobgoblins
  A jackal (D:3)
  4 quokkas (D:1)
  6 ball pythons
  3 bats
  6 frilled lizards
  4 kobolds
  4 rats
61 creatures vanquished.

Notes
Turn   | Place    | Note
-------+----------+-------------------------------------------
     0 | D:1      | Shayle the Tengu Brigand began the quest for the Orb.
     0 | D:1      | Reached XP level 1. HP: 12/12 MP: 2/2
   130 | D:1      | Reached XP level 2. HP: 17/17 MP: 3/3
   301 | D:1      | Reached XP level 3. HP: 21/21 MP: 4/4
   786 | D:2      | Noticed Terence
   795 | D:2      | Killed Terence
   796 | D:2      | Reached XP level 4. HP: 24/27 MP: 5/5
  1016 | D:2      | Noticed Robin
  1444 | D:2      | Killed Robin
  1445 | D:2      | Gained mutation: Your magical nature lets you fly swiftly
                  | and evasively. [Tengu growth]
  1445 | D:2      | Reached XP level 5. HP: 25/32 MP: 6/6
  1491 | D:3      | Noticed Grinder
  1505 | D:2      | Paralysed by Grinder for 3 turns
  1508 | D:2      | HP: 1/32 [Grinder (4)]
  1508 | D:2      | Slain by Grinder

Illustrated notes

Levels and vault maps discovered:
D:1:      kennysheep_arrival_seaside, layout_loops_ring, st_stairs_12
D:2:      layout_basic, minmay_domino_2, uniq_terence, uniq_robin
D:3:      layout_rooms, mainiacjoe_overflow_chevrons,
          mainiacjoe_overflow_concentric_impassable, uniq_grinder, uniq_natasha

Skill      XL: |  1  2  3  4 |
---------------+-------------+-----
Dodging        | 2 |  2.3
Short Blades   | 3 |  3.1
Fighting       | |  2.8
Throwing       | |  2.8
Stealth        | |  4.6

Action                     |  1- 3 |  4- 6 || total
---------------------------+-------+-------++-------
  Melee: Dagger            |    64 |    83 ||   147
         Kick              |    15 |    22 ||    37
         Peck              |     2 |     8 ||    10
         Punch             |     1 |       ||     1
  Throw: Dart              |       |     2 ||     2
    Use: Scroll            |       |     2 ||     2
         Potion            |       |     1 ||     1
   Stab: Sleeping          |     9 |     1 ||    10
 Armour: Robe              |    13 |    28 ||    41
  Dodge: Dodged            |    35 |    56 ||    91

Table legend: (Time is in decaauts)
 A = Elapsed time spent in this place.
 B = Non-inter-level travel time spent in this place.
 C = Inter-level travel time spent in this place.
 D = Time resting spent in this place.
 E = Time spent auto-exploring this place.
 F = Levels seen in this place.
 G = Mean time per level.
                   A        B        C        D        E       F      G
               +--------+--------+--------+--------+--------+-----+--------+
         Total |   1489 |   1402 |     87 |     86 |    800 |   3 |  496.3 |
       Dungeon |   1489 |   1402 |     87 |     86 |    800 |   3 |  496.3 |
               +--------+--------+--------+--------+--------+-----+--------+

Top non-repeatable levels by time:
     D:1: 891 daAuts
     D:2: 585 daAuts
     D:3: 12 daAuts
